 Dungeon Crawl Stone Soup version 0.27-a0-1181-g5f64966fcc (webtiles) character file.

Game seed: 14023682363960565828

42373 robertstho the Eclecticist (level 14, -7/96 HPs)
             Began as a Djinni Fire Elementalist on May 17, 2021.
             Was an Elder of Ashenzari.
             Killed by the air
             ... invoked by a wind drake
              (18 damage)
             ... on level 6 of the Lair of Beasts.
             The game lasted 00:44:41 (16999 turns).

robertstho the Eclecticist (DjFE)                  Turns: 16999, Time: 00:44:41

Health: -7/96      AC: 16    Str: 11    XL:     14   Next: 55%
Gold:   791        EV: 22    Int: 28    God:    Ashenzari [****..] SH: 12 Dex: 15

rFire    + + +     SeeInvis +   l - +6 hand axe of the Eye in the Sky {flame, +Blink rPois Str+4 Int+2, Self, Fort} (curse)
rCold    x . .     Faith    .   z - +1 buckler of Supernal Wisdom {SInv Stlth+, Melee, Self} (curse)
rNeg     . . .     Spirit   .   J - +2 steam dragon scales
rPois    ∞         Reflect  +   P - +3 hat of Pondering {ponderous, Will+ MP+10 Int+5, Melee, Fort} (curse)
rElec    +         Harm     .   y - +2 cloak of Ashenzari's Stars {Self, Melee} (curse)
rCorr    .         Rampage  .   G - +2 pair of gloves of the Fated Discomfort {Stlth+, Cun, Range} (curse)
Will     +++..     Clarity  +   (boots unavailable)
Stlth    ++++++....             V - amulet of reflection
HPRegen  0.26/turn              f - ring of the Shattered Sun {EV+4, Cun, Fort} (curse)
MPRegen  0.00/turn              E - ring "Danashil" {rElec rF++ Will+ Stlth-}

@: flying, studying 2 skills, slow
A: sickness immunity, fire resistance 2, cold vulnerability 1, float, innate
caster, hp casting, extra vitality 1
a: Renounce Religion, Evoke Blink, Curse Item, Shatter the Chains


You were on level 6 of the Lair of Beasts.
You worshipped Ashenzari.
Ashenzari was greatly pleased with you.
You visited 3 branches of the dungeon, and saw 16 of its levels.
You also visited: Ossuary and Gauntlet.

You collected 1057 gold pieces.
You spent 266 gold pieces at shops.

Inventory:

Hand Weapons
 l - the cursed +6 hand axe of the Eye in the Sky (weapon) {flame, +Blink rPois Str+4 Int+2, Self, Fort}
   (You found it on level 2 of the Lair of Beasts)

   It has been specially enchanted to burn those struck by it, causing extra
   injury to most foes and up to half again as much damage against particularly
   susceptible opponents.
   Big, fiery blades are also staple armaments of hydra-hunters.
   It affects your strength (+4).
   It affects your intelligence (+2).
   It protects you from poison.
   It lets you blink.
   It has a curse which improves the following skills: Introspection: Fighting
   and Spellcasting.
   Fortitude: Armour and Shields.
Armour
 w - the +0 helmet of the Trout {Harm rN+}
   (You bought it in a shop on level 5 of the Dungeon)

   It protects you from negative energy.
   It increases damage dealt and taken.
 y - the cursed +2 cloak of Ashenzari's Stars (worn) {Self, Melee}
   (You found it on level 6 of the Dungeon)

   It has a curse which improves the following skills: Introspection: Fighting
   and Spellcasting.
   Melee Combat: Short Blades, Long Blades, Axes, Maces & Flails, Polearms,
   Staves and Unarmed Combat.
 z - the cursed +1 buckler of Supernal Wisdom (worn) {SInv Stlth+, Melee, Self}
   (You found it on level 6 of the Dungeon)

   It lets you see invisible.
   It makes you more stealthy.
   It has a curse which improves the following skills: Melee Combat: Short
   Blades, Long Blades, Axes, Maces & Flails, Polearms, Staves and Unarmed
   Combat.
   Introspection: Fighting and Spellcasting.
 G - the cursed +2 pair of gloves of the Fated Discomfort (worn) {Stlth+, Cun, Range}
   (You acquired it in an ossuary)

   It has a curse which improves the following skills: Cunning: Dodging and
   Stealth.
   Ranged Combat: Slings, Bows, Crossbows and Throwing.
 J - +2 steam dragon scales (worn)
 P - the cursed +3 hat of Pondering (worn) {ponderous, Will+ MP+10 Int+5, Melee, Fort}
   (You took it off Gastronok on level 2 of the Lair of Beasts)

   It affects your intelligence (+5).
   It affects your magic capacity (+10).
   It increases your willpower.
   It has a curse which improves the following skills: Melee Combat: Short
   Blades, Long Blades, Axes, Maces & Flails, Polearms, Staves and Unarmed
   Combat.
   Fortitude: Armour and Shields.
 X - a +2 pair of gloves of strength
Jewellery
 b - a ring of ice
 d - a ring of resist corrosion
 f - the cursed ring of the Shattered Sun (left hand) {EV+4, Cun, Fort}
   (You found it on level 1 of the Dungeon)

   [ring of evasion]

   It affects your evasion (+4).
   It has a curse which improves the following skills: Cunning: Dodging and
   Stealth.
   Fortitude: Armour and Shields.
 h - an amulet of regeneration
 k - an amulet of the acrobat
 r - a ring of wizardry
 u - a +4 ring of protection
 v - a ring of positive energy
 x - a +6 ring of strength
 E - the ring "Danashil" (right hand) {rElec rF++ Will+ Stlth-}
   (You acquired it in an ossuary)

   [ring of willpower]

   It greatly protects you from fire.
   It insulates you from electricity.
   It increases your willpower.
   It makes you less stealthy.
 N - a ring of ice
 T - a ring of fire
 V - an amulet of reflection (around neck)
 W - the ring of Peocyoc {rPois rC+ rCorr Str-3 SInv}
   (You found it in a Gauntlet)

   [ring of see invisible]

   It affects your strength (-3).
   It protects you from cold.
   It protects you from poison.
   It lets you see invisible.
   It protects you from acid and corrosion.
 Y - the ring of Ocith {rElec rN++ AC+4 Dex+3}
   (You took it off a minotaur in a Gauntlet)

   [ring of protection]

   It affects your AC (+4).
   It affects your dexterity (+3).
   It insulates you from electricity.
   It greatly protects you from negative energy.
Wands
 a - a wand of acid (8)
 p - a wand of flame (11)
 K - a wand of digging (4)
 M - a wand of mindburst (14)
 S - a wand of iceblast (6)
Scrolls
 e - 9 scrolls of immolation
 n - a scroll of magic mapping
 s - 7 scrolls of teleportation
 L - a scroll of brand weapon
 U - a scroll of enchant weapon
Potions
 c - 2 potions of might
 g - 6 potions of mutation
 i - 7 potions of curing
 j - 4 potions of berserk rage
 o - 3 potions of brilliance
 q - 2 potions of attraction
 t - a potion of cancellation
 D - 3 potions of lignification
 H - 2 potions of ambrosia
 Z - 2 potions of resistance
Miscellaneous
 A - a condenser vane
 R - a lightning rod (4/4)


   Skills:
 + Level 3.2(7.1) Fighting
 + Level 1.4(4.3) Short Blades
 + Level 2.5(6.1) Axes
 + Level 9.3(12.6) Dodging
 + Level 6.9(10.4) Stealth
 + Level 3.7(7.8) Shields
 + Level 16.0(19.9) Spellcasting


You had 18 spell levels left.
You knew the following spells:

 Your Spells              Type           Power      Damage    Failure   Level
a - Foxfire               Conj/Fire      100%       2x1d9     0%          1
b - Conjure Flame         Conj/Fire      96%        6-21      0%          3
c - Inner Flame           Hex/Fire       96%        N/A       0%          3
d - Sticky Flame          Conj/Fire      96%        2d11      0%          4
e - Fireball              Conj/Fire      48%        3d19      0%          5
f - Beastly Appendage     Tmut           100%       N/A       0%          1
g - Call Imp              Summ           96%        N/A       0%          2
h - Mephitic Cloud        Conj/Pois/Air  96%        N/A       0%          3
i - Lesser Beckoning      Tloc           48%        N/A       0%          3
j - Cause Fear            Hex            48%        N/A       0%          4
k - Summon Mana Viper     Hex/Summ       96%        N/A       0%          5
Your spell library was empty.

Dungeon Overview and Level Annotations

Branches:
Dungeon (9/15)             Temple (1/1) D:5            Lair (6/6) D:8
 Shoals (0/4) Lair:2        Snake (0/4) Lair:4        Slime (0/5) Lair:5
Ossuary (visited)         Gauntlet (visited)
    Orc: D:9-12

Altars:
Ashenzari
Cheibriados
Dithmenos
Elyvilon
Fedhas
Gozag
Hepliaklqana
Kikubaaqudgha
Makhleb
Nemelex Xobeh
Okawaru
Qazlal
Ru
Sif Muna
Trog
Uskayaw
Vehumet
Wu Jian
Xom
Yredelemnul
Zin
The Shining One
Jiyva

Shops:
D:5 [

Annotations:
D:4 1 runed translucent door, ZappyNine's ghost, novice FoFi
D:9 2 runed translucent doors, exclusion: orange crystal statue
Lair:5 1 runed translucent door


Innate Abilities, Weirdness & Mutations

You are immune to sickness and miasma.
You are immune to poison.
Your flesh is very heat resistant. (rF++)
You are vulnerable to cold. (rC-)
You float through the air rather than walking.
You learn spells naturally, not from books.
Your magical power is your life essence.
You have superior vitality. (+4 HP)


Message History

The eight-headed hydra misses you.
The eight-headed hydra closely misses you.
The eight-headed hydra bites you! The eight-headed hydra misses you.
Casting: Sticky Flame (safe; 0% risk of failure)
Confirm with . or Enter, or press ? or * to list all spells.
A mana viper appears with a sibilant hiss.
The eight-headed hydra is engulfed in a cloud of scalding steam.
The eight-headed hydra bites you.
You block the eight-headed hydra's attack.
The eight-headed hydra bites you!
* * * LOW HITPOINT WARNING * * *
The eight-headed hydra closely misses you.
The eight-headed hydra bites you but does no damage.
The eight-headed hydra bites you.
* * * LOW HITPOINT WARNING * * *
You block the eight-headed hydra's attack.
The eight-headed hydra closely misses you.
The eight-headed hydra is engulfed in a cloud of scalding steam.
You block the eight-headed hydra's attack.
The eight-headed hydra bites you.
* * * LOW HITPOINT WARNING * * *
The eight-headed hydra misses you. The eight-headed hydra bites you!
* * * LOW HITPOINT WARNING * * *
The eight-headed hydra closely misses you.
The eight-headed hydra completely misses you.
The eight-headed hydra barely misses you.
The eight-headed hydra misses you.
Your mana viper bites the eight-headed hydra!!
Your mana viper bites the eight-headed hydra.
The eight-headed hydra closely misses your mana viper.
The eight-headed hydra bites your mana viper but does no damage.
The eight-headed hydra barely misses your mana viper.
The eight-headed hydra bites your mana viper.
The eight-headed hydra bites your mana viper!
The eight-headed hydra closely misses your mana viper.
The eight-headed hydra bites your mana viper.
The eight-headed hydra bites your mana viper!
The wind drake flaps its wings at you. The air twists around and strikes you!!
You die...

..........≈ ≈≈ ≈≈8 ≈
≈≈≈ ###......≈≈≈
########.#
.P#.......#*
≈#.≈≈≈≈≈≈≈≈≈≈8*
...+......#*≈
#≈≈≈≈≈≈≈#≈≈≈≈ ≈
.°.......≈ ≈
#≈≈≈≈≈≈≈≈≈≈≈≈ ,
..#.,... ≈
≈≈#≈≈≈≈[$()≈≈#≈ ≈≈≈≈
* , , ≈#≈≈≈≈$≈≈}≈P≈≈
#≈ #. *, *≈
#≈≈≈≈$≈≈)≈≈# P≈##≈
≈≈ #≈@≈≈()((≈#≈≈
≈≈≈≈. , ,, ≈≈
#≈≈S†≈≈≈≈≈≈≈≈* ≈≈≈P
,,, ,, , ,*
≈#≈≈D≈≈≈≈≈≈≈P≈*≈≈#.≈
,,, , ,,≈
#8≈≈k≈≈≈≈≈≈≈8 ≈≈##.
, ,
#####≈†≈≈####*≈≈≈≈.
, , , ≈ ≈ ≈≈≈≈≈≈≈≈≈≈
*≈≈≈≈. , , ,, *≈≈
≈≈8.≈≈P≈ ≈≈.#≈ , ,
**≈≈* ≈≈≈≈≈≈≈≈≈ ≈ #.
, ≈ ≈.##≈≈###≈# ≈≈.


You could see an eight-headed hydra (ally target), a wind drake (repels
missiles) and a friendly mana viper (summoned).

Vanquished Creatures
  Gastronok (Lair:2)
  A minotaur (Gauntlet)
  A yaktaur captain (D:9)
  Snorg (Lair:3)
  A great orb of eyes (Gauntlet)
  Fannar (Lair:2)
  A hell beast (Gauntlet)
  4 hydras
  A death knight (D:9)
  A two-headed ogre (D:9)
  2 death yaks (Lair:5)
  A deep elf knight (D:9)
  A sea snake (Lair:6)
  An ugly thing (Gauntlet)
  2 manticores (D:9)
  A cyclops (D:9)
  2 elephants (Lair:6)
  3 black mambas
  9 cane toads
  A minotaur zombie (Gauntlet)
  4 rime drakes
  6 komodo dragons
  2 trolls (D:9)
  9 polar bears
  A hornet (Lair:6)
  Grinder (D:5)
  7 dream sheep (Lair:5)
  A snapping turtle (Lair:2)
  4 flying skulls (Gauntlet)
  A shadow (D:9)
  26 yaks
  3 wyverns
  A wraith (D:9)
  2 basilisks
  A steam dragon (D:8)
  2 wargs (D:8)
  11 water moccasins
  2 black bears
  An ice beast (D:5)
  A sky beast (D:6)
  2 ogres
  4 orc warriors
  A necrophage (D:6)
  9 wolves
  5 centaurs
  A phantom (D:7)
  9 bullfrogs
  A kobold brigand (D:7)
  A scorpion (D:5)
  A wyvern zombie (D:8)
  A wight (D:9)
  4 killer bees (D:9)
  9 howler monkeys (D:9)
  2 electric eels
  A bullfrog zombie (D:5)
  A centaur zombie (D:8)
  2 hounds
  A human zombie (Ossuary)
  A jelly (D:7)
  6 orc priests
  2 bullfrog skeletons
  Ijyb (D:5)
  Terence (D:2)
  2 iguanas
  8 orc wizards
  2 killer bee zombies
  3 mummies (Ossuary)
  Robin (D:4)
  7 gnolls
  8 adders
  A shadow imp (D:7)
  2 white imps
  2 adder skeletons (D:4)
  3 dart slugs
  12 orcs
  5 bats
  5 endoplasms
  2 giant cockroaches (D:1)
  A gnoll zombie (Ossuary)
  15 goblins
  6 hobgoblins
  7 jackals (D:2)
  12 kobolds
  A quokka (D:5)
  6 ball pythons
  3 frilled lizards
  4 goblin zombies (Ossuary)
  A hobgoblin zombie (Ossuary)
  A kobold zombie (Ossuary)
  5 rats
313 creatures vanquished.

Vanquished Creatures (collateral kills)
  2 boulder beetles
  A catoblepas (Lair:6)
  3 death yaks (Lair:5)
  2 sea snakes (Lair:6)
  A lindwurm (Lair:5)
  A manticore (Lair:6)
  A black mamba (Lair:5)
  6 elephants (Lair:6)
  3 cane toads
  2 komodo dragons (Lair:6)
  3 polar bears (Lair:6)
  2 wyverns (Lair:6)
  A basilisk (Lair:6)
  2 water moccasins (Lair:6)
  3 foxfires
33 creatures vanquished.

Vanquished Creatures (others)
  A bush (Lair:6)
  25 demonic plants (Gauntlet)
  890 foxfires
  72 fungi
  73 plants
  2 withered plants (D:4)
1063 creatures vanquished.

Grand Total: 1409 creatures vanquished

Notes
Turn   | Place    | Note
-------+----------+-------------------------------------------
     0 | D:1      | robertstho the Djinni Fire Elementalist began the quest for
                  | the Orb.
     0 | D:1      | Reached XP level 1. HP: 15/15 MP: 0/0
   258 | D:1      | You are sucked into a shaft and drop 1 floor!
   494 | D:1      | Reached XP level 2. HP: 19/21 MP: 0/0
  1229 | D:1      | Reached skill level 3 in Spellcasting
  1362 | D:1      | Reached XP level 3. HP: 23/26 MP: 0/0
  1362 | D:1      | Learned a level 1 spell: Beastly Appendage
  1880 | D:2      | Noticed Terence
  1893 | D:2      | Killed Terence
  1894 | D:2      | Reached XP level 4. HP: 4/31 MP: 0/0
  2887 | D:2      | Found a faded altar of an unknown god.
  3398 | D:3      | Reached XP level 5. HP: 33/36 MP: 0/0
  3398 | D:3      | Learned a level 2 spell: Call Imp
  3773 | D:3      | Found a hide-covered altar of Uskayaw.
  3773 | D:3      | Found an iron altar of Okawaru.
  3781 | D:3      | Found a sparkling altar of Nemelex Xobeh.
  3783 | D:3      | Found a glowing golden altar of the Shining One.
  3785 | D:3      | Found a faded altar of an unknown god.
  3835 | D:3      | Found an ornate altar of the Wu Jian Council.
  4103 | D:4      | Found a runed translucent door.
  4103 | D:4      | Noticed ZappyNine's ghost (novice FoFi)
  4127 | D:4      | Noticed an ogre
  4133 | D:4      | Killed an ogre
  4134 | D:4      | Reached skill level 4 in Spellcasting
  4134 | D:4      | Reached XP level 6. HP: 37/41 MP: 0/0
  4154 | D:4      | Noticed Robin
  4157 | D:4      | Killed Robin
  5011 | D:5      | Entered Level 5 of the Dungeon
  5019 | D:5      | Found a sacrificial altar of Ru.
  5062 | D:5      | Noticed Grinder
  5063 | D:5      | Paralysed by Grinder for 2 turns
  5259 | D:5      | Noticed an ogre
  5266 | D:5      | Killed an ogre
  5267 | D:5      | Reached skill level 5 in Spellcasting
  5267 | D:5      | Reached XP level 7. HP: 46/46 MP: 0/0
  5267 | D:5      | Learned a level 3 spell: Mephitic Cloud
  5335 | D:5      | Noticed Ijyb
  5338 | D:5      | Killed Grinder
  5339 | D:5      | Reached skill level 6 in Spellcasting
  5339 | D:5      | Reached XP level 8. HP: 48/51 MP: 0/0
  5344 | D:5      | Killed Ijyb
  5466 | D:5      | Found Gyofikom's Antique Armour Emporium.
  5490 | D:5      | Bought a warped helmet for 266 gold pieces
  5490 | D:5      | Identified the +0 helmet of the Trout {Harm rN+} (You
                  | bought it in a shop on level 5 of the Dungeon)
  5531 | D:5      | Found a staircase to the Ecumenical Temple.
  5598 | D:5      | Reached skill level 1 in Fighting
  5644 | Temple   | Entered the Ecumenical Temple
  5660 | Temple   | Became a worshipper of Ashenzari the Shackled
  5832 | D:6      | Reached skill level 7 in Spellcasting
  5946 | D:6      | Reached XP level 9. HP: 50/57 MP: 0/0
  5946 | D:6      | Learned a level 3 spell: Lesser Beckoning
  6167 | D:6      | Identified the +1 buckler of Sorcery {SInv Stlth+}
  6406 | D:7      | Reached skill level 8 in Spellcasting
  7111 | D:8      | Found a snail-covered altar of Cheibriados.
  7144 | D:8      | Reached skill level 5 in Dodging
  7174 | D:8      | Found a sand-covered staircase.
  7179 | Ossuary  | Entered an ossuary
  7238 | Ossuary  | Identified 3 scrolls of acquirement
  7275 | Ossuary  | Reached skill level 9 in Spellcasting
  7350 | Ossuary  | Acquired a manual of Dodging
  7352 | Ossuary  | Acquired a +1 pair of gloves of stealth
  7358 | Ossuary  | Acquired the ring "Danashil" {rElec rF++ Will+ Stlth-}
  7576 | D:8      | Reached XP level 10. HP: 64/64 MP: 0/0
  7797 | D:8      | Found a staircase to the Lair.
  8159 | D:9      | Reached skill level 1 in Shields
  8159 | D:9      | Reached skill level 10 in Spellcasting
  8277 | D:9      | Reached skill level 1 in Short Blades
  8374 | D:9      | Noticed a manticore
  8375 | D:9      | Noticed a death knight
  8377 | D:9      | Killed a manticore
  8382 | D:9      | Killed a death knight
  8383 | D:9      | Reached XP level 11. HP: 48/68 MP: 0/0
  8383 | D:9      | Learned a level 4 spell: Cause Fear
  8389 | D:9      | Noticed a cyclops
  8433 | D:9      | Reached skill level 11 in Spellcasting
  8435 | D:9      | Noticed a two-headed ogre
  8439 | D:9      | Killed a two-headed ogre
  8536 | D:9      | Noticed a manticore
  8542 | D:9      | Killed a manticore
  8690 | D:9      | Found a runed translucent door.
  8695 | D:9      | Found the +10 tower shield of Ignorance {rN+ Int-4}
  8710 | D:9      | Found a runed translucent door.
  8749 | D:9      | Noticed an orange crystal statue
  8824 | D:9      | Noticed a yaktaur captain
  8827 | D:9      | Killed a yaktaur captain
  8853 | D:9      | Killed a cyclops
  8854 | D:9      | Reached skill level 12 in Spellcasting
  8901 | D:9      | Noticed a deep elf knight
  8905 | D:9      | Killed a deep elf knight
  9089 | Lair:1   | Entered Level 1 of the Lair of Beasts
  9208 | Lair:1   | Reached XP level 12. HP: 38/75 MP: 0/0
  9486 | Lair:1   | Acquired a manual of Stealth
 10140 | Lair:2   | Noticed Fannar
 10145 | Lair:2   | Killed Fannar
 10146 | Lair:2   | Reached skill level 13 in Spellcasting
 10251 | Lair:2   | Reached * piety under Ashenzari
 10333 | Lair:2   | Identified the +3 broad axe "Xesoveto" {flame, rCorr Str-4
                  | Dex+8 SInv}
 10359 | Lair:2   | Identified the +6 hand axe of Yredelemnul's Delight {flame,
                  | +Blink rPois Str+4 Int+2}
 10399 | Lair:2   | Reached ** piety under Ashenzari
 10444 | Lair:2   | Noticed Gastronok
 10451 | Lair:2   | Killed Gastronok
 10452 | Lair:2   | Reached skill level 5 in Stealth
 10686 | Lair:2   | Noticed a four-headed hydra
 10692 | Lair:2   | Killed a four-headed hydra
 10747 | Lair:2   | Found a staircase to the Shoals.
 11063 | Lair:3   | Reached *** piety under Ashenzari
 11139 | Lair:3   | Identified the +3 robe "Acoemm" {Rampage rF+ rN+ Str-2}
 11178 | Lair:3   | Noticed a seven-headed hydra
 11187 | Lair:3   | Killed a seven-headed hydra
 11278 | Lair:3   | Reached skill level 14 in Spellcasting
 11287 | Lair:3   | Reached XP level 13. HP: 67/83 MP: 0/0
 11287 | Lair:3   | Learned a level 5 spell: Summon Mana Viper
 11307 | Lair:3   | Noticed Snorg
 11315 | Lair:3   | Killed Snorg
 12031 | Lair:4   | Found a gate leading to a gauntlet.
 12044 | Gauntlet | Entered a Gauntlet
 12044 | Gauntlet | Found a transporter.
 12044 | Gauntlet | Found a transporter.
 12048 | Gauntlet | Found a transporter.
 12048 | Gauntlet | Found a transporter.
 12053 | Gauntlet | Noticed a great orb of eyes
 12058 | Gauntlet | Found a transporter.
 12074 | Gauntlet | Noticed a green death
 12075 | Gauntlet | Found a transporter.
 12076 | Gauntlet | Identified the Compendium of Cold and Toxins
 12076 | Gauntlet | Identified the -4 cloak of Death's Door {Drain rPois Str+2
                  | Dex+4}
 12077 | Gauntlet | Identified the amulet "Nedeopob" {Reflect rElec Int+4 SH+5}
 12083 | Gauntlet | Noticed a blizzard demon
 12085 | Gauntlet | Found a transporter.
 12085 | Gauntlet | Found a transporter.
 12088 | Gauntlet | Noticed a hell beast
 12090 | Gauntlet | Found a transporter.
 12117 | Gauntlet | Found a transporter.
 12121 | Gauntlet | Identified the ring of Peocyoc {rPois rC+ rCorr Str-3 SInv}
 12124 | Gauntlet | Found a transporter.
 12148 | Gauntlet | Found a transporter.
 12186 | Gauntlet | Found a transporter.
 12202 | Gauntlet | Found a transporter.
 12303 | Gauntlet | Found a transporter.
 12307 | Gauntlet | Noticed a hell beast
 12317 | Gauntlet | Found a transporter.
 12486 | Gauntlet | Killed a great orb of eyes
 12487 | Gauntlet | Reached skill level 1 in Axes
 12564 | Gauntlet | Killed a hell beast
 12708 | Gauntlet | Identified the ring of Ocith {rElec rN++ AC+4 Dex+3}
 12708 | Gauntlet | Noticed a minotaur
 12714 | Gauntlet | Killed a minotaur
 13551 | Lair:4   | Found a staircase to the Snake Pit.
 14000 | Lair:5   | Noticed a five-headed hydra
 14006 | Lair:5   | Killed a five-headed hydra
 14335 | Lair:5   | Found an ornate altar of the Wu Jian Council.
 14344 | Lair:5   | Noticed a boulder beetle
 14529 | Lair:5   | Noticed a five-headed hydra
 14534 | Lair:5   | Killed a five-headed hydra
 14535 | Lair:5   | Reached skill level 15 in Spellcasting
 14771 | Lair:5   | Killed a boulder beetle
 15051 | Lair:5   | Reached **** piety under Ashenzari
 15165 | Lair:5   | Found a runed translucent door.
 15165 | Lair:5   | Found a viscous altar of Jiyva.
 15167 | Lair:5   | Noticed an acid blob
 15168 | Lair:5   | Found a staircase to the Slime Pits.
 15263 | Lair:5   | Reached XP level 14. HP: 67/96 MP: 0/0
 15994 | Lair:6   | Entered Level 6 of the Lair of Beasts
 16699 | Lair:6   | Reached skill level 16 in Spellcasting
 16858 | Lair:6   | HP: 4/96 [wind drake/the air (14)]
 16999 | Lair:6   | Killed from afar by a wind drake

Illustrated notes

Levels and vault maps discovered:
D:1:      eino_arrival_water_cross, layout_loops_cross, serial_bayou_pond_b
D:2:      layout_loops_ring, hellmonk_ecumenical_altar_dog_temple, uniq_terence
D:3:      layout_basic, pdpol_wu_jian_five_deadly_venoms,
          chequers_temple_overflow_minitemple
D:4:      layout_basic, gammafunk_ghost_grave, kennysheep_boxes, uniq_robin
D:5:      layout_gridville, amcnicky_altar_gilded, minmay_temple_entry_hall,
          wad_floor_pattern_untrapped, kennysheep_small_square, uniq_grinder,
          uniq_ijyb
D:6:      layout_basic, grunt_ministairs_10, grunt_decor_resistance
D:7:      layout_loops_ring
D:8:      layout_basic, kennysheep_slug_shrine, erik_lair_orcish_takeover,
          nicolae_ossuary_entry_false_entrances
D:9:      nzn_winding_woodlands_cross [nzn_winding_woodlands_5x15_lazy_stream,
          nzn_winding_woodlands_5x15_river_crossing,
          nzn_winding_woodlands_5x15_twine, nzn_winding_woodlands_5x15_zeroes,
          nzn_winding_woodlands_15x15_thick_spiral], layout_cave_pools,
          chequers_guarded_unrand_ignorance
Temple:   minmay_freezing_vapour_temple
Lair:1:   layout_chaotic_city, minivault_11, cheibrodos_lair_lostbears,
          infiniplex_staircase_pool
Lair:2:   layout_cave_shapes, minmay_shoals_entry_hut, uniq_fannar,
          uniq_gastronok
Lair:3:   layout_regular_city, grunt_megastairs_3, uniq_snorg
Lair:4:   layout_cave_pods, dummy_snake_entry, gauntlet_entry_generic,
          small_statue_intersection
Lair:5:   layout_loops_ring, slime_altar_2, basic_altar, columned_hall_lemuel,
          serial_bayou_shore_b
Lair:6:   gammafunk_lair_ancient_temple, layout_regular_city,
          gammafunk_ghost_wrathful_warriors

Skill      XL: |  1  2  3  4  5  6  7  8  9 10 11 12 13 14 |
---------------+-------------------------------------------+-----
Spellcasting   | 3 4 5 6 7 9 10 12 14 15 16 | 16.0
Stealth        | 2 3 4 5 6 |  6.9
Dodging        | 3 4 5 6 7 9 |  9.3
Fighting       | 1 2 3 |  3.2
Shields        | 1 2 3 |  3.7
Short Blades   | 1 |  1.4
Axes           | 2 |  2.5

Action                   |  1- 3 |  4- 6 |  7- 9 | 10-12 | 13-15 || total
-------------------------+-------+-------+-------+-------+-------++-------
Melee: Dagger            |     4 |       |     6 |     1 |       ||    11
       Hand axe          |       |       |       |     1 |    31 ||    32
 Cast: Foxfire           |    81 |   159 |   224 |    33 |    59 ||   556
       Sticky Flame      |       |     3 |    23 |    12 |    29 ||    67
       Fireball          |       |       |       |   139 |    93 ||   232
       Mephitic Cloud    |       |       |       |     1 |       ||     1
       Cause Fear        |       |       |       |     2 |     3 ||     5
       Summon Mana Viper |       |       |       |       |    47 ||    47
Invok: Curse Item        |       |       |       |     4 |     2 ||     6
  Use: Potion            |     1 |       |       |     1 |     5 ||     7
       Scroll            |       |     1 |     8 |     4 |     5 ||    18
Armor: Robe              |     1 |     7 |     6 |       |       ||    14
       Steam dragon scal |       |       |       |     8 |    23 ||    31
Dodge: Dodged            |     6 |    36 |    63 |    23 |    88 ||   216
Block: Buckler           |       |       |    10 |    11 |    48 ||    69
       Reflection        |       |       |       |       |     2 ||     2

Table legend: (Time is in decaauts)
 A = Elapsed time spent in this place.
 B = Non-inter-level travel time spent in this place.
 C = Inter-level travel time spent in this place.
 D = Time resting spent in this place.
 E = Time spent auto-exploring this place.
 F = Levels seen in this place.
 G = Mean time per level.
                   A        B        C        D        E       F      G
               +--------+--------+--------+--------+--------+-----+--------+
         Total |  17321 |  16712 |    609 |    838 |  13351 |  18 |  962.3 |
       Dungeon |   8932 |   8525 |    407 |    192 |   7043 |   9 |  992.4 |
        Temple |     22 |     17 |      5 |      0 |      0 |   1 |   22.0 |
          Lair |   7245 |   7050 |    195 |    493 |   5757 |   6 | 1207.5 |
       Ossuary |    227 |    227 |      0 |      0 |     78 |   1 |  227.0 |
      Gauntlet |    892 |    892 |      0 |    153 |    472 |   1 |  892.0 |
               +--------+--------+--------+--------+--------+-----+--------+

Top non-repeatable levels by time:
  Lair:5: 2299 daAuts
     D:1: 1747 daAuts
     D:2: 1401 daAuts
  Lair:4: 1286 daAuts
     D:4: 1108 daAuts
  Lair:2: 1037 daAuts
     D:8: 981 daAuts
  Lair:3: 969 daAuts
     D:3: 905 daAuts
Gauntlet: 892 daAuts
  Lair:1: 884 daAuts
     D:9: 874 daAuts
  Lair:6: 769 daAuts
     D:7: 707 daAuts
     D:6: 639 daAuts
